 Dungeon Crawl Stone Soup version 0.29-a0-512-gf59ac78 (webtiles) character file.

Game seed: 7563491721549993472

7869 Toastz the Spear-Bearer (level 11, -8/94 HPs)
             Began as a Minotaur Fighter on May 29, 2022.
             Was a Follower of Hepliaklqana.
             Mangled by a vampire
             ... wielding a +0 quarterstaff
              (9 damage)
             ... on level 9 of the Dungeon.
             The game lasted 00:18:34 (8599 turns).

Toastz the Spear-Bearer (Minotaur Fighter)          Turns: 8599, Time: 00:18:35

Health: -8/94      AC:  6    Str: 26    XL:     11   Next: 2%
Magic:  0/19       EV: 12    Int:  5    God:    Hepliaklqana [*.....]
Gold:   903        SH:  4    Dex:  9    Spells: 10/10 levels left

rFire   . . .      SeeInvis .   a - +0 trident
rCold   . . .      Faith    .   c - +0 buckler
rNeg    . . .      Spirit   +   A - +0 troll leather armour {Pargi}
rPois   .          Reflect  .   (helmet restricted)
rElec   .          Harm     .   n - +1 cloak
rCorr   .          Rampage  .   (no gloves)
Will    .....                   t - +2 pair of boots
Stlth   +.........              x - amulet of guardian spirit
HPRegen 1.05/turn               f - ring of magical power
MPRegen 0.16/turn               (no ring)

@: corroded, hasted, very quick
A: reduced essence, horns 2, retaliatory headbutt
a: Renounce Religion, Recall Ancestor, Ancestor Identity


You were on level 9 of the Dungeon.
You worshipped Hepliaklqana.
Hepliaklqana was aware of your devotion.
You visited 1 branch of the dungeon, and saw 9 of its levels.
You also visited: Bailey.

You collected 1619 gold pieces.
You spent 716 gold pieces at shops.

Inventory:

Hand Weapons
 a - a +0 trident (weapon)
Missiles
 h - 24 poisoned darts (quivered)
 k - 278 stones
 K - 23 boomerangs
 L - 8 atropa-tipped darts
Armour
 c - a +0 buckler (worn)
 n - a +1 cloak (worn)
 r - a +0 plate armour
 t - a +2 pair of boots (worn)
 A - a +0 troll leather armour (worn) {Pargi}
 N - the +1 ring mail of Sif Muna's Wrath {Drain rPois Int+5 SInv}
   (You bought it in a shop on level 7 of the Dungeon)

   Int:       It affects your intelligence (+5).
   rPois:     It protects you from poison.
   SInv:      It lets you see invisible.
   Drain:     It drains your maximum health when unequipped.
Jewellery
 f - a ring of magical power (left hand)
 l - a ring of ice
 x - an amulet of guardian spirit (around neck)
 D - a ring of positive energy
Wands
 b - a wand of iceblast (7)
 p - a wand of paralysis (11)
 y - a wand of digging (5)
 I - a wand of charming (4)
 M - a wand of polymorph (7)
Scrolls
 i - 3 scrolls of summoning
 j - 4 scrolls of blinking
 m - a scroll of fear
 u - a scroll of teleportation {unknown}
 B - a scroll of magic mapping {unknown}
 E - a scroll of enchant weapon {unknown}
 H - 3 scrolls of silence
 P - a scroll of brand weapon
 Q - a scroll of amnesia {unknown}
Potions
 d - 7 potions of might
 e - a potion of magic {unknown}
 g - 3 potions of curing
 o - 2 potions of attraction
 q - 2 potions of haste
 s - a potion of resistance {unknown}
 v - a potion of flight {unknown}
 w - a potion of lignification
 z - a potion of mutation
 C - 2 potions of brilliance
 G - a potion of berserk rage {unknown}
 J - a potion of invisibility {unknown}
 O - a potion of cancellation {unknown}


   Skills:
 + Level 12.5 Fighting
 - Level 14.0 Polearms
 - Level 5.0 Armour
 - Level 4.0 Dodging
 - Level 5.0 Shields
 - Level 4.0 Evocations


You had 10 spell levels left.
You didn't know any spells.
Your spell library contained the following spells:

 Spells                   Type           Power      Damage    Failure   Level
 Apportation              Tloc           0%         N/A       61%         1
 Slow                     Hex            0%         N/A       61%         1
 Sublimation of Blood     Necr           0%         N/A       75%         2
 Confusing Touch          Hex            0%         N/A       93%         3
 Conjure Flame            Conj/Fire      0%         6-21      93%         3
 Ignite Poison            Fire/Tmut/Pois 0%         N/A       93%         3
 Vampiric Draining        Necr           0%         2d6       93%         3
 Petrify                  Tmut/Erth      0%         N/A       100%        4
 Sticky Flame             Conj/Fire      0%         2d3       100%        4
 Alistair's Intoxication  Tmut/Pois      0%         N/A       100%        5
 Irradiate                Conj/Tmut      0%         3d13      100%        5


Dungeon Overview and Level Annotations

Branches:
Dungeon (9/15)             Temple (0/1) D:6          Bailey (visited)
   Lair: D:8-11         Orc: D:9-12

Altars:
Cheibriados
Hepliaklqana
Qazlal
Sif Muna
Beogh

Shops:
D:7 [?

Annotations:
D:4 exclusion: upstairs
D:8 2 transporters


Innate Abilities, Weirdness & Mutations

Your life essence is reduced to manifest your ancestor. (-10% HP)
You have a pair of horns on your head.
You reflexively headbutt those who attack you in melee.


Message History

The vampire gestures wildly while chanting.
The vampire flickers and vanishes!
Deactivating autopickup; reactivate with Ctrl-A.
Ingiyab hits something.
You swap places.
An orc wizard comes into view. It is wielding a +0 dagger.
You hear a zap.
A puff of flame appears from out of thin air!
The puff of flame misses you.
The now-empty wand crumbles to dust.
The acid dragon spits acid at you. The splash of acid hits you!!
The acid corrodes you!
Ingiyab hits something but does no damage.
You hear an angry hiss.
You hit something but do no damage. Your headbutt misses something.
The acid dragon spits acid at you. The splash of acid hits you!!
The acid corrodes you! Something hits you. Something bites you.
Something draws strength from your injuries!
You hear a croak.
As you read the scroll of fear, it crumbles to dust.
You assume a fearsome visage.
The acid dragon looks frightened!
The orc wizard looks frightened!
The orc looks frightened!
Ingiyab hits something but does no damage.
Something hits you! Something bites you.
Something draws strength from your injuries!
Ingiyab hits something!
Ingiyab hits something.
Items here: )) = [ †.
Things that are here:
a +0 club; a howler monkey corpse Something hits you!
* * * LOW HITPOINT WARNING * * *
Something bites you!
* * * LOW HITPOINT WARNING * * *
Something draws strength from your injuries!
You see here a +0 flail.
You feel yourself speed up. Something hits you!
* * * LOW HITPOINT WARNING * * *
Something bites you!
You die...

### ..# #.#
#.#
###.#####
#.# #
.....§..#
#.##.#
#<###@..#
#.oR){##.#
##)##)#
#)##[#
#R...##...
#..........
#.....#####
#.....#
........


You could see the friendly Ingiyab the ancestor and an orc wizard.

Vanquished Creatures
  A hydra (D:9)
  A wizard (D:9)
  Pikel (D:7)
  An unseen horror (D:9)
  The ghost of Dega the Archer, a novice SpHu of Hepliaklqana (D:7)
  Maggie (D:8)
  Prince Ribbit (D:7)
  2 dream sheep (D:7)
  Sigmund (D:4)
  Pargi (D:4)
  A sky beast (D:6)
  A hornet zombie (D:6)
  An ice beast (D:6)
  A black bear (D:4)
  4 orc warriors
  An ogre (D:4)
  4 centaurs
  A lemure (D:7)
  A phantom (D:6)
  9 kobold brigands
  2 bullfrogs
  2 necrophages
  A gnoll sergeant (D:9)
  5 wights (D:7)
  A water moccasin skeleton (D:6)
  A killer bee (D:9)
  2 howler monkeys (D:7)
  A centaur zombie (D:6)
  8 bullfrog zombies (D:6)
  8 hounds
  A jelly (D:5)
  2 gnoll shamans (D:7)
  3 orc priests
  Crazy Yiuf (D:2)
  An iron imp (D:3)
  Ijyb (D:4)
  A bullfrog skeleton (D:6)
  An iguana (D:4)
  10 orc wizards
  A killer bee zombie (D:6)
  A howler monkey zombie (D:6)
  13 gnolls
  11 adders
  A white imp (D:7)
  5 worms
  4 dart slugs
  33 orcs
  5 bats
  5 endoplasms
  6 giant cockroaches
  7 goblins
  9 hobgoblins
  9 jackals
  4 quokkas
  8 ball pythons
  3 frilled lizards
  17 kobolds
  10 rats
239 creatures vanquished.

Vanquished Creatures (collateral kills)
  A deep elf pyromancer (D:9)
  A kobold brigand (Bailey)
  A howler monkey (D:9)
  2 orc priests (D:7)
  An orc wizard (D:8)
  3 orcs
  4 kobolds (Bailey)
13 creatures vanquished.

Vanquished Creatures (others)
  4 ancestors
  6 fungi (D:4)
10 creatures vanquished.

Grand Total: 262 creatures vanquished

Notes
Turn   | Place    | Note
-------+----------+-------------------------------------------
     0 | D:1      | Toastz the Minotaur Fighter began the quest for the Orb.
     0 | D:1      | Reached XP level 1. HP: 19/19 MP: 0/0
   127 | D:1      | Reached skill level 3 in Polearms
   236 | D:1      | Reached XP level 2. HP: 12/27 MP: 1/1
   906 | D:1      | Reached XP level 3. HP: 29/33 MP: 2/2
  1214 | D:2      | Reached skill level 4 in Polearms
  1469 | D:2      | Reached XP level 4. HP: 29/41 MP: 3/3
  1879 | D:2      | Found a runed translucent door.
  1880 | D:2      | Noticed Crazy Yiuf
  1947 | D:2      | Killed Crazy Yiuf
  1948 | D:2      | Reached skill level 5 in Polearms
  2375 | D:3      | Reached XP level 5. HP: 39/47 MP: 4/4
  2578 | D:3      | Reached skill level 5 in Fighting
  2699 | D:3      | Reached skill level 6 in Polearms
  2949 | D:3      | Found a snail-covered altar of Cheibriados.
  2984 | D:3      | Found a faded altar of an unknown god.
  3237 | D:4      | Noticed Sigmund
  3301 | D:3      | Reached XP level 6. HP: 32/56 MP: 5/5
  3590 | D:4      | Reached skill level 7 in Polearms
  3753 | D:4      | Reached XP level 7. HP: 48/63 MP: 6/6
  3832 | D:4      | Found a stormy altar of Qazlal.
  3932 | D:4      | Killed Sigmund
  3933 | D:4      | Reached skill level 8 in Polearms
  4092 | D:4      | Noticed Ijyb
  4111 | D:4      | Killed Ijyb
  4208 | D:4      | Noticed Pargi
  4221 | D:4      | Killed Pargi
  4353 | D:4      | Reached skill level 9 in Polearms
  4462 | D:5      | Entered Level 5 of the Dungeon
  4515 | D:5      | Reached skill level 1 in Dodging
  4600 | D:5      | Reached XP level 8. HP: 73/73 MP: 7/7
  5003 | D:5      | Found a faded altar of an unknown god.
  5016 | D:5      | Found a hazy altar of Hepliaklqana.
  5032 | D:5      | Became a worshipper of Hepliaklqana the Forgotten
  5252 | D:6      | Reached skill level 10 in Polearms
  5507 | D:6      | Reached skill level 11 in Polearms
  5639 | D:6      | Reached XP level 9. HP: 75/82 MP: 8/8
  5820 | D:6      | Found a staircase to the Ecumenical Temple.
  6137 | D:7      | Found Fuaral's Magic Scroll Boutique.
  6326 | D:7      | Noticed Pikel
  6342 | D:7      | Killed Pikel
  6343 | D:7      | Reached skill level 12 in Polearms
  6355 | D:7      | Paralysed by a kobold for 5 turns
  6375 | D:7      | Reached skill level 5 in Armour
  6445 | D:7      | Noticed Prince Ribbit
  6458 | D:7      | Killed Prince Ribbit
  6527 | D:7      | Found a shimmering blue altar of Sif Muna.
  6527 | D:7      | Reached * piety under Hepliaklqana
  6530 | D:7      | Reached skill level 13 in Polearms
  6612 | D:7      | Reached skill level 10 in Fighting
  6623 | D:7      | Found a flagged portal.
  6649 | Bailey   | Entered a bailey
  6697 | Bailey   | Reached XP level 10. HP: 83/83 MP: 9/9
  6767 | Bailey   | Identified the +5 broad axe "Tormentor" {pain, rPois}
  6871 | Bailey   | Found an iron altar of Okawaru.
  7004 | D:7      | Reached skill level 14 in Polearms
  7219 | D:7      | Found Femuepna's Antique Armour Shop.
  7224 | D:7      | Bought a scorched ring mail for 288 gold pieces
  7224 | D:7      | Identified the +1 ring mail of Sif Muna's Wrath {Drain
                  | rPois Int+5 SInv} (You bought it in a shop on level 7 of
                  | the Dungeon)
  7281 | D:7      | Found a runed translucent door.
  7281 | D:7      | Noticed Dega's ghost (novice SpHu)
  7395 | D:7      | Bought a scroll of silence for 82 gold pieces
  7395 | D:7      | Bought a scroll of identify for 22 gold pieces
  7395 | D:7      | Bought a scroll of identify for 22 gold pieces
  7395 | D:7      | Bought a scroll of brand weapon for 220 gold pieces
  7395 | D:7      | Bought a scroll of enchant armour for 82 gold pieces
  7726 | D:7      | Killed Dega's ghost
  7727 | D:7      | Reached skill level 1 in Evocations
  8171 | D:8      | Noticed Maggie
  8184 | D:8      | Killed Maggie
  8261 | D:8      | Found a transporter.
  8264 | D:8      | Found a transporter.
  8484 | D:9      | Noticed a deep elf pyromancer
  8509 | D:9      | Killed a deep elf pyromancer
  8527 | D:9      | Noticed a wizard
  8574 | D:9      | Killed a wizard
  8575 | D:9      | Reached skill level 5 in Shields
  8580 | D:9      | Noticed a four-headed hydra
  8588 | D:9      | Killed a four-headed hydra
  8589 | D:9      | Reached XP level 11. HP: 94/94 MP: 10/10
  8599 | D:9      | HP: 1/94 [something (14)]
  8599 | D:9      | Mangled by a vampire

Illustrated notes

Levels and vault maps discovered:
D:1:      tarquinn_simple_flora_water_f, layout_basic, st_stairs_12
D:2:      layout_loops_ring, uniq_crazy_yiuf_cottage
D:3:      minmay_evil_eye, layout_basic, chei_slow_surprise,
          chequers_ecumenical_altar_simple, dk_vineyard_1
D:4:      layout_basic, nicolae_qazlal_general_emergency,
          palyth_stone_intersect, dreamdust_gnoll_farm, uniq_sigmund,
          uniq_pargi, uniq_ijyb
D:5:      layout_loops_cross, beargit_hepliaklqana_dungeon_heroes
D:6:      layout_loops_ring, minmay_temple_entry_drinking_statues,
          serial_undead, serial_undead_e, serial_undead_d, serial_undead_f,
          serial_undead_d, serial_undead_c, serial_undead_a, serial_undead_a,
          patterned_corridor
D:7:      layout_loops_ring, kennysheep_orc_sif_temple, serial_shops,
          nicolae_inconvenience_store, kennysheep_little_box,
          ebering_ghost_reflecting_pool, enter_bailey_4,
          amcnicky_mini_rare_corridor_liquid, dreamdust_gnoll_shepherd,
          uniq_pikel, uniq_prince_ribbit1
D:8:      gammafunk_beogh_shrine, layout_layer_cave, uniq_maggie
D:9:      minmay_the_grid_four_pointed_star_mashed
          [minmay_the_grid_triangle_9x9_negative_grid,
          minmay_the_grid_triangle_9x9_windchime,
          minmay_the_grid_triangle_9x9_flanged_cone,
          minmay_the_grid_triangle_9x9_wacky_v,
          minmay_the_grid_prize_four_corners], layout_loops_ring, minivault_27

Skill      XL: |  1  2  3  4  5  6  7  8  9 10 |
---------------+-------------------------------+-----
Polearms       | 3 4 5 6 7 9 11 13 14 | 14.0
Fighting       | 4 5 6 7 8 10 12 | 12.5
Dodging        | 1 3 4 |  4.0
Armour         | 5 |  5.0
Evocations     | 4 |  4.0
Shields        | 5 |  5.0

Action                   |  1- 3 |  4- 6 |  7- 9 | 10-12 || total
-------------------------+-------+-------+-------+-------++-------
Melee: Trident           |   111 |   160 |   430 |   195 ||   896
       Headbutt          |     9 |    24 |    65 |    19 ||   117
Throw: Dart              |    10 |     8 |     7 |     6 ||    31
       Stone             |       |     3 |       |       ||     3
Evoke: Wand              |       |       |     2 |     3 ||     5
  Use: Scroll            |       |     4 |     3 |     9 ||    16
       Potion            |       |       |       |     1 ||     1
 Stab: Invisible         |       |     1 |       |       ||     1
       Paralysed         |       |       |     6 |       ||     6
       Distracted        |       |       |       |     1 ||     1
Armor: Scale mail        |    34 |    22 |       |       ||    56
       Plate armour      |       |    22 |    31 |       ||    53
       Troll leather arm |       |       |    68 |    25 ||    93
Dodge: Dodged            |    47 |    27 |   115 |    39 ||   228
Block: Buckler           |    27 |    20 |    52 |    19 ||   118

Table legend: (Time is in decaauts)
 A = Elapsed time spent in this place.
 B = Non-inter-level travel time spent in this place.
 C = Inter-level travel time spent in this place.
 D = Time resting spent in this place.
 E = Time spent auto-exploring this place.
 F = Levels seen in this place.
 G = Mean time per level.
                   A        B        C        D        E       F      G
               +--------+--------+--------+--------+--------+-----+--------+
         Total |   8483 |   8149 |    334 |    924 |   5278 |  10 |  848.3 |
       Dungeon |   8176 |   7842 |    334 |    863 |   5172 |   9 |  908.4 |
        Bailey |    307 |    307 |      0 |     61 |    105 |   1 |  307.0 |
               +--------+--------+--------+--------+--------+-----+--------+

Top non-repeatable levels by time:
     D:7: 1283 daAuts
     D:2: 1178 daAuts
     D:3: 1135 daAuts
     D:1: 1096 daAuts
     D:4: 1073 daAuts
     D:6: 859 daAuts
     D:5: 747 daAuts
     D:8: 718 daAuts
  Bailey: 307 daAuts
     D:9: 83 daAuts
